 Dungeon Crawl Stone Soup version 0.27.0-1-g7a089689b8 (webtiles) character file.

Game seed: 17856226567425701973

75 Rrauwl the Covered (level 4, -11/37 HPs)
             Began as a Barachi Fighter on Aug 13, 2021.
             Mangled by Terence (13 damage)
             ... on level 2 of the Dungeon.
             The game lasted 00:04:33 (1502 turns).

Rrauwl the Covered (Barachi Fighter)                Turns: 1502, Time: 00:04:34

Health: -11/37     AC:  7    Str: 17    XL:     4   Next: 31%
Magic:  4/4        EV:  8    Int:  8    God:
Gold:   82         SH:  9    Dex: 13    Spells: 3/3 levels left

rFire    . . .     SeeInvis .   a - +1 long sword
rCold    . . .     Faith    .   c - +0 kite shield
rNeg     . . .     Spirit   .   b - +0 scale mail
rPois    .         Reflect  .   (no helmet)
rElec    .         Harm     .   (no cloak)
rCorr    .         Rampage  .   (no gloves)
Will     .....                  (no boots)
Stlth    ..........             (no amulet)
HPRegen  0.12/turn              (no ring)
MPRegen  0.09/turn              (no ring)

@: mighty, unable to hop, slow
A: amphibious, slowness 1, strong legs 1, +LOS
a: Hop


You were on level 2 of the Dungeon.
You visited 1 branch of the dungeon, and saw 2 of its levels.

You collected 82 gold pieces.

Inventory:

Hand Weapons
 a - a +1 long sword (weapon)
Missiles
 e - 14 arrows
 f - 16 bolts
Armour
 b - a +0 scale mail (worn)
 c - a +0 kite shield (worn)
Scrolls
 g - 2 scrolls of identify


   Skills:
 - Level 4.0 Fighting
 + Level 3.4 Long Blades
 - Level 4.0 Armour
 + Level 1.9 Dodging
 + Level 3.9 Shields


You had 3 spell levels left.
You didn't know any spells.
Your spell library contained the following spells:

 Spells                   Type           Power      Damage    Failure   Level
 Leda's Liquefaction      Hex/Erth       0%         N/A       100%        4
 Bolt of Magma            Conj/Fire/Erth 0%         4d4       100%        5
 Statue Form              Tmut/Erth      0%         N/A       100%        6


Dungeon Overview and Level Annotations

Branches:
Dungeon (2/15)

Altars:
Ashenzari

Annotations:
D:2 Terence


Innate Abilities, Weirdness & Mutations

You are amphibious.
You cover ground slowly.
You can hop short distances.
You have an extended range of vision and can be seen from far away.


Message History

You hit Terence.
Terence is lightly wounded.
You block Terence's attack. x2; Terence closely misses you.
Your scale mail prevents you from hitting Terence.
Terence is lightly wounded.
Terence hits you but does no damage. Terence completely misses you.
You closely miss Terence.
Terence is lightly wounded.
Terence closely misses you. You block Terence's attack.
You slash Terence!
Terence is moderately wounded.
Terence hits you with a +0 short sword. You block Terence's attack.
You barely miss Terence.
Terence is moderately wounded.
You block Terence's attack. Terence hits you with a +0 short sword.
You are too injured to fight recklessly!
You closely miss Terence.
Terence is moderately wounded.
Terence hits you with a +0 short sword. You block Terence's attack.
You barely miss Terence.
Terence is moderately wounded.
Terence hits you with a +0 short sword.
* * * LOW HITPOINT WARNING * * *
Terence hits you with a +0 short sword.
* * * LOW HITPOINT WARNING * * *
Terence barely misses you.
Hop to where?
Press: ? - help, Dir - move target Boing!
As you read the scroll labelled DAS DUPNEUBESK, it crumbles to dust.
The creatures around you are filled with an inner flame!
It was a scroll of immolation.
As you read the scroll labelled XIAHAJ WAXYMURGH, it crumbles to dust.
It is a scroll of enchant weapon.
Your +0 long sword glows red for a moment.
Terence rages.
Terence hits you with a +0 short sword.
* * * LOW HITPOINT WARNING * * *
Terence hits you with a +0 short sword!
You die...

.B....>.......###.#
..............###.#
#####.............#
#####'#.#######
#.#†# ### #.#.# ..#
#########.#.# #.#
.........#.# #
#####....@@.# #
.........#### #
.........+..# #
.........##.# #
.........##.# #
.........##.# #
.........##'#######
#.#
#####.............#
#.#
..................#


You could see Terence (berserk, inner flame).

Vanquished Creatures
  3 adders (D:2)
  A worm (D:2)
  2 dart slugs
  5 bats
  2 endoplasms (D:1)
  3 giant cockroaches (D:1)
  3 goblins
  4 hobgoblins
  3 kobolds (D:1)
  4 quokkas
  5 ball pythons
  4 frilled lizards
  A rat (D:1)
40 creatures vanquished.

Notes
Turn   | Place    | Note
-------+----------+-------------------------------------------
     0 | D:1      | Rrauwl the Barachi Fighter began the quest for the Orb.
     0 | D:1      | Reached XP level 1. HP: 18/18 MP: 1/1
    57 | D:1      | Reached XP level 2. HP: 21/25 MP: 2/2
   298 | D:1      | Reached skill level 1 in Dodging
   471 | D:1      | Reached XP level 3. HP: 30/30 MP: 3/3
   827 | D:2      | Found a broken altar of Ashenzari.
  1328 | D:2      | Reached XP level 4. HP: 29/37 MP: 4/4
  1479 | D:2      | Noticed Terence
  1501 | D:2      | HP: 1/37 [Terence (4)]
  1502 | D:2      | Mangled by Terence

Illustrated notes

Levels and vault maps discovered:
D:1:      saegor_arrival_simple_a, layout_basic, minmay_octomino_c4
D:2:      layout_basic, basic_altar, due_unseen_surprise, uniq_terence

Skill      XL: |  1  2  3 |
---------------+----------+-----
Dodging        | 1 |  1.9
Armour         | 4 |  4.0
Fighting       | 4 |  4.0
Long Blades    | 3 |  3.4
Shields        | |  3.9

Action                   |  1- 3 |  4- 6 || total
-------------------------+-------+-------++-------
Melee: Long sword        |   114 |    16 ||   130
 Abil: Hop               |       |     1 ||     1
  Use: Potion            |     3 |     1 ||     4
       Scroll            |     2 |     2 ||     4
Armor: Scale mail        |    57 |     8 ||    65
       Skin              |     4 |       ||     4
Dodge: Dodged            |    40 |    11 ||    51
Block: Kite shield       |    60 |    11 ||    71
       Rpst.: Long sword |    10 |     2 ||    12
